2534 views
Uploaded 2024-11-09 04:24:00
Game version 1.36 (6115)
24:26 long 3on3 ladder game on (8)Battleground_LV
Saved by GIGA
2534 views
Uploaded 2024-11-09 04:24:00
Game version 1.36 (6115)
24:26 long 3on3 ladder game on (8)Battleground_LV


91 units @ 8.9k
/ 1.3k
118 buildings @ 9.1k
/ 3.9k


| Boots of Speed | 4 | 1000 |
| total: | 4 | 1000g |
| Peasant | 18 | 1350 | / | 0 |
| Mortar Team | 5 | 900 | / | 350 |
| Flying Machine | 19 | 1900 | / | 570 |
| total: | 42 | 4150g | / | 920w |
| Scout Tower | 11 | 330 | / | 220 |
| Guard Tower | 6 | 420 | / | 300 |
| Altar of Kings | 1 | 180 | / | 50 |
| Lumber Mill | 1 | 120 | / | 0 |
| Farm | 12 | 960 | / | 240 |
| Town Hall | 1 | 385 | / | 205 |
| Blacksmith | 1 | 140 | / | 60 |
| Workshop | 3 | 420 | / | 420 |
| Keep | 1 | 320 | / | 210 |
| Castle | 1 | 360 | / | 210 |
| total: | 30 | 2535g | / | 1195w |
| 0:03 | Peasant |
| 0:06 | Altar of Kings |
| 0:09 | Peasant |
| 0:20 | Lumber Mill |
| 0:22 | Peasant |
| 0:32 | Peasant |
| 0:35 | Farm |
| 0:40 | Peasant |
| 0:50 | Peasant |
| 1:02 | Peasant |
| 1:20 | Peasant |
| 1:30 | Peasant |
| 1:31 | Improved Lumber Harvesting |
| 1:34 | Farm |
| 1:57 | Peasant |
| 2:03 | Scout Tower |
| 2:04 | Scout Tower |
| 2:06 | Scout Tower |
| 2:15 | Farm |
| 2:22 | Peasant |
| 2:29 | Storm Bolt |
| 2:51 | Scout Tower |
| 2:52 | Guard Tower |
| 3:16 | Town Hall |
| 3:23 | Peasant |
| 3:23 | Peasant |
| 3:27 | Scout Tower |
| 3:33 | Peasant |
| 3:33 | Peasant |
| 3:55 | Peasant |
| 3:57 | Improved Masonry |
| 4:01 | Scout Tower |
| 4:02 | Guard Tower |
| 4:14 | Bash |
| 4:17 | Scout Tower |
| 4:27 | Peasant |
| 4:32 | Guard Tower |
| 4:34 | Scout Tower |
| 4:35 | Scout Tower |
| 4:58 | Keep |
| 5:00 | Peasant |
| 5:06 | Scout Tower |
| 5:24 | Guard Tower |
| 5:50 | Blacksmith |
| 6:13 | Guard Tower |
| 6:15 | Scout Tower |
| 6:31 | Farm |
| 7:41 | Castle |
| 7:43 | Workshop |
| 7:47 | Workshop |
| 7:48 | Workshop |
| 8:23 | Black Gunpowder |
| 8:33 | Advanced Lumber Harvesting |
| 8:34 | Advanced Masonry |
| 8:49 | Flak Cannons |
| 8:51 | Flare |
| 9:00 | Mortar Team |
| 9:34 | Farm |
| 9:34 | Flying Machine |
| 9:38 | Farm |
| 9:40 | Farm |
| 9:44 | Refined Gunpowder |
| 10:12 | Flying Machine Bombs |
| 10:12 | Fragmentation Shards |
| 10:13 | Flying Machine |
| 10:13 | Flying Machine |
| 10:26 | Holy Light |
| 10:28 | Flying Machine |
| 10:28 | Flying Machine |
| 10:29 | Iron Plating |
| 11:36 | Flying Machine |
| 11:36 | Flying Machine |
| 11:36 | Flying Machine |
| 11:36 | Flying Machine |
| 11:37 | Flying Machine |
| 11:37 | Flying Machine |
| 12:05 | Imbued Gunpowder |
| 12:05 | Steel Plating |
| 12:07 | Flying Machine |
| 12:28 | Flying Machine |
| 12:28 | Flying Machine |
| 12:33 | Guard Tower |
| 12:46 | Farm |
| 12:49 | Farm |
| 13:36 | Flying Machine |
| 13:57 | Storm Bolt |
| 17:27 | Mithril Plating |
| 18:06 | Divine Shield |
| 19:25 | Flying Machine |
| 19:26 | Flying Machine |
| 19:26 | Flying Machine |
| 19:27 | Flying Machine |
| 19:33 | Divine Shield |
| 19:37 | Boots of Speed |
| 19:37 | Boots of Speed |
| 20:11 | Studded Leather Armor |
| 20:53 | Boots of Speed |
| 21:16 | Boots of Speed |
| 23:12 | Mortar Team |
| 23:12 | Mortar Team |
| 23:12 | Mortar Team |
| 23:13 | Mortar Team |
| 23:19 | Farm |
| 23:20 | Farm |
| 23:27 | Holy Light |
| 23:51 | Farm |
| Right click | 713 |
| Select group | 304 |
| Select | 248 |
| Build/train/purchase | 82 |
| Use ability | 40 |
| Misc. action | 27 |
| Resource trade | 18 |
| Minimap ping | 16 |
| Assign group | 11 |
| Item give/drop | 4 |
| Remove unit | 2 |


| Peasant | 23 | 1725 | / | 0 |
| Dragonhawk Rider | 3 | 600 | / | 90 |
| total: | 26 | 2325g | / | 90w |
| Scout Tower | 56 | 1680 | / | 1120 |
| Guard Tower | 13 | 910 | / | 650 |
| Arcane Tower | 4 | 280 | / | 200 |
| Altar of Kings | 1 | 180 | / | 50 |
| Farm | 8 | 640 | / | 160 |
| Lumber Mill | 2 | 240 | / | 0 |
| Town Hall | 1 | 385 | / | 205 |
| Arcane Vault | 1 | 130 | / | 30 |
| Gryphon Aviary | 1 | 140 | / | 150 |
| Keep | 2 | 640 | / | 420 |
| Castle | 1 | 360 | / | 210 |
| total: | 70 | 3395g | / | 1715w |
| 0:03 | Peasant |
| 0:03 | Peasant |
| 0:10 | Altar of Kings |
| 0:13 | Farm |
| 0:23 | Peasant |
| 0:29 | Peasant |
| 1:01 | Peasant |
| 1:03 | Farm |
| 1:10 | Lumber Mill |
| 1:17 | Peasant |
| 1:18 | Peasant |
| 1:33 | Peasant |
| 1:47 | Peasant |
| 2:01 | Peasant |
| 2:07 | Peasant |
| 2:09 | Improved Lumber Harvesting |
| 2:20 | Storm Bolt |
| 2:24 | Peasant |
| 2:24 | Peasant |
| 3:04 | Scout Tower |
| 3:05 | Scout Tower |
| 3:06 | Scout Tower |
| 3:07 | Scout Tower |
| 3:08 | Scout Tower |
| 3:09 | Scout Tower |
| 3:10 | Scout Tower |
| 3:10 | Scout Tower |
| 3:11 | Scout Tower |
| 3:12 | Scout Tower |
| 3:13 | Scout Tower |
| 3:14 | Scout Tower |
| 3:23 | Keep |
| 3:49 | Guard Tower |
| 4:10 | Guard Tower |
| 4:14 | Arcane Tower |
| 4:18 | Improved Masonry |
| 4:21 | Bash |
| 4:29 | Scout Tower |
| 4:30 | Scout Tower |
| 4:31 | Scout Tower |
| 4:33 | Scout Tower |
| 4:42 | Scout Tower |
| 4:42 | Scout Tower |
| 4:43 | Scout Tower |
| 4:44 | Scout Tower |
| 4:47 | Scout Tower |
| 4:49 | Scout Tower |
| 4:50 | Scout Tower |
| 4:51 | Scout Tower |
| 5:30 | Guard Tower |
| 5:33 | Arcane Tower |
| 5:34 | Guard Tower |
| 5:49 | Farm |
| 5:51 | Advanced Masonry |
| 5:52 | Peasant |
| 5:57 | Peasant |
| 6:29 | Guard Tower |
| 6:38 | Scout Tower |
| 6:41 | Arcane Tower |
| 6:44 | Scout Tower |
| 6:52 | Scout Tower |
| 6:53 | Scout Tower |
| 7:06 | Scout Tower |
| 7:07 | Scout Tower |
| 7:08 | Scout Tower |
| 7:55 | Town Hall |
| 7:59 | Guard Tower |
| 8:01 | Scout Tower |
| 8:03 | Scout Tower |
| 8:04 | Scout Tower |
| 8:10 | Holy Light |
| 8:21 | Guard Tower |
| 8:23 | Guard Tower |
| 8:38 | Castle |
| 8:51 | Guard Tower |
| 9:03 | Arcane Tower |
| 9:34 | Gryphon Aviary |
| 9:36 | Arcane Vault |
| 10:25 | Peasant |
| 10:25 | Peasant |
| 10:47 | Lumber Mill |
| 11:14 | Cloud |
| 11:18 | Imbued Masonry |
| 11:48 | Scout Tower |
| 11:50 | Scout Tower |
| 11:51 | Scout Tower |
| 11:52 | Scout Tower |
| 12:00 | Scout Tower |
| 12:00 | Scout Tower |
| 12:01 | Scout Tower |
| 12:04 | Scout Tower |
| 12:04 | Scout Tower |
| 12:07 | Peasant |
| 12:07 | Peasant |
| 12:16 | Farm |
| 12:20 | Farm |
| 12:32 | Farm |
| 13:26 | Peasant |
| 13:28 | Farm |
| 13:30 | Farm |
| 13:33 | Peasant |
| 13:57 | Guard Tower |
| 14:22 | Guard Tower |
| 14:36 | Peasant |
| 14:36 | Peasant |
| 14:48 | Scout Tower |
| 14:49 | Scout Tower |
| 14:50 | Scout Tower |
| 14:50 | Scout Tower |
| 14:51 | Scout Tower |
| 16:19 | Storm Bolt |
| 16:37 | Guard Tower |
| 16:41 | Scout Tower |
| 16:42 | Scout Tower |
| 16:44 | Scout Tower |
| 16:45 | Scout Tower |
| 16:46 | Scout Tower |
| 16:46 | Scout Tower |
| 16:47 | Scout Tower |
| 16:48 | Scout Tower |
| 17:43 | Dragonhawk Rider |
| 17:43 | Dragonhawk Rider |
| 17:43 | Dragonhawk Rider |
| 19:32 | Guard Tower |
| 20:26 | Keep |
| Right click | 1333 |
| Select group | 969 |
| Select | 304 |
| Build/train/purchase | 65 |
| Chat | 37 |
| Minimap ping | 20 |
| Assign group | 12 |
| Resource trade | 12 |
| Misc. action | 11 |
| Use ability | 7 |
Cabeelibob
(194)
(24:22) : 
| Healing Salve | 2 | 200 |
| Lesser Clarity Potion | 5 | 350 |
| Orb of Lightning | 1 | 375 |
| Tiny Great Hall | 1 | 600 |
| Staff of Teleportation | 1 | 150 |
| Boots of Speed | 1 | 250 |
| total: | 11 | 1925g |
| Peon | 17 | 1275 | / | 0 |
| Troll Witch Doctor | 4 | 580 | / | 100 |
| Tauren | 2 | 560 | / | 160 |
| total: | 23 | 2415g | / | 260w |
| Watch Tower | 1 | 110 | / | 80 |
| Altar of Storms | 2 | 360 | / | 100 |
| Orc Burrow | 6 | 960 | / | 240 |
| War Mill | 4 | 820 | / | 0 |
| Voodoo Lounge | 2 | 260 | / | 60 |
| Great Hall | 1 | 385 | / | 185 |
| Spirit Lodge | 1 | 150 | / | 150 |
| Tauren Totem | 1 | 135 | / | 155 |
| Stronghold | 1 | 315 | / | 190 |
| Fortress | 1 | 325 | / | 190 |
| total: | 18 | 3180g | / | 970w |
| 0:07 | Altar of Storms |
| 0:12 | Orc Burrow |
| 0:13 | Peon |
| 0:14 | Peon |
| 0:31 | Peon |
| 0:42 | Peon |
| 1:14 | War Mill |
| 1:16 | Peon |
| 1:16 | Peon |
| 1:28 | Orc Burrow |
| 1:40 | Voodoo Lounge |
| 1:45 | Peon |
| 2:03 | Peon |
| 2:03 | Peon |
| 2:13 | Peon |
| 2:16 | Wind Walk |
| 2:22 | Peon |
| 2:47 | Voodoo Lounge |
| 2:56 | Peon |
| 4:15 | Great Hall |
| 4:27 | Orc Burrow |
| 4:30 | Orc Burrow |
| 4:38 | Healing Salve |
| 4:56 | Critical Strike |
| 5:28 | Spiked Barricades |
| 5:36 | Watch Tower |
| 6:41 | Orc Burrow |
| 7:12 | Orc Burrow |
| 7:22 | Lesser Clarity Potion |
| 7:38 | War Mill |
| 7:43 | Stronghold |
| 10:02 | Wind Walk |
| 10:41 | Altar of Storms |
| 11:34 | Spirit Lodge |
| 11:55 | Lesser Clarity Potion |
| 12:16 | Staff of Teleportation |
| 12:17 | Boots of Speed |
| 13:48 | Lesser Clarity Potion |
| 13:53 | Fortress |
| 13:55 | Witch Doctor Adept Training |
| 14:30 | Troll Witch Doctor |
| 14:30 | Troll Witch Doctor |
| 14:30 | Troll Witch Doctor |
| 14:54 | Critical Strike |
| 15:22 | Healing Salve |
| 15:34 | Lesser Clarity Potion |
| 18:38 | Wind Walk |
| 19:03 | Orb of Lightning |
| 19:06 | Lesser Clarity Potion |
| 19:07 | Tiny Great Hall |
| 19:16 | Witch Doctor Master Training |
| 19:18 | Troll Witch Doctor |
| 20:48 | Peon |
| 20:48 | Peon |
| 20:49 | Peon |
| 20:49 | Peon |
| 20:49 | Peon |
| 21:09 | Tauren Totem |
| 21:52 | War Mill |
| 22:55 | War Mill |
| 23:14 | Tauren |
| 23:14 | Pulverize |
| 23:27 | Bladestorm |
| 23:48 | Tauren |
| 23:50 | Steel Melee Weapons |
| 23:51 | Steel Armor |
| Right click | 747 |
| Select | 152 |
| Misc. action | 108 |
| Select group | 102 |
| Build/train/purchase | 94 |
| Resource trade | 35 |
| Use ability | 17 |
| Assign group | 5 |
| Item give/drop | 3 |
| Minimap ping | 3 |
| Remove unit | 1 |
98 units @ 13.7k
/ 2.2k
63 buildings @ 7.8k
/ 2.9k



| Healing Salve | 1 | 100 |
| total: | 1 | 100g |
| Peon | 13 | 975 | / | 0 |
| Grunt | 4 | 800 | / | 0 |
| Troll Headhunter | 4 | 560 | / | 80 |
| Demolisher | 5 | 1100 | / | 250 |
| total: | 26 | 3435g | / | 330w |
| Watch Tower | 3 | 330 | / | 240 |
| Barracks | 1 | 180 | / | 50 |
| Orc Burrow | 8 | 1280 | / | 320 |
| Altar of Storms | 1 | 180 | / | 50 |
| War Mill | 3 | 615 | / | 0 |
| Voodoo Lounge | 1 | 130 | / | 30 |
| Great Hall | 1 | 385 | / | 185 |
| Stronghold | 1 | 315 | / | 190 |
| Fortress | 1 | 325 | / | 190 |
| total: | 18 | 3100g | / | 875w |
| 0:04 | Peon |
| 0:04 | Peon |
| 0:21 | Barracks |
| 0:26 | Peon |
| 0:35 | Orc Burrow |
| 0:39 | Peon |
| 0:51 | Altar of Storms |
| 0:55 | Peon |
| 1:28 | Grunt |
| 1:32 | Orc Burrow |
| 1:57 | Grunt |
| 2:12 | War Mill |
| 2:41 | Voodoo Lounge |
| 2:57 | Endurance Aura |
| 3:21 | Stronghold |
| 3:24 | Troll Headhunter |
| 3:48 | Healing Salve |
| 3:50 | Troll Headhunter |
| 4:12 | Troll Headhunter |
| 4:26 | Grunt |
| 4:32 | Orc Burrow |
| 5:02 | Shockwave |
| 5:12 | Steel Armor |
| 5:19 | Watch Tower |
| 5:23 | Watch Tower |
| 5:30 | Troll Headhunter |
| 5:40 | Orc Burrow |
| 6:09 | Troll Regeneration |
| 6:15 | Peon |
| 6:16 | Peon |
| 6:20 | Peon |
| 6:43 | Peon |
| 6:48 | Chain Lighting |
| 7:35 | Reinforced Defenses |
| 7:37 | Fortress |
| 8:27 | Grunt |
| 8:29 | Steel Melee Weapons |
| 8:36 | War Mill |
| 8:54 | Berserker Strength |
| 9:31 | Spiked Barricades |
| 10:31 | Endurance Aura |
| 10:49 | Demolisher |
| 11:14 | Improved Spiked Barricades |
| 11:16 | Thorium Armor |
| 11:22 | Watch Tower |
| 11:25 | Peon |
| 11:26 | Peon |
| 11:26 | Peon |
| 11:33 | Demolisher |
| 12:16 | Demolisher |
| 12:21 | Steel Ranged Weapons |
| 12:25 | Peon |
| 13:07 | Feral Spirit |
| 13:32 | Demolisher |
| 13:34 | Thorium Ranged Weapons |
| 14:00 | Demolisher |
| 14:06 | Pillage |
| 14:12 | Healing Wave |
| 14:53 | Burning Oil |
| 15:13 | Arcanite Ranged Weapons |
| 17:56 | Great Hall |
| 18:03 | War Mill |
| 18:17 | Orc Burrow |
| 18:25 | Orc Burrow |
| 20:27 | Orc Burrow |
| 20:52 | Orc Burrow |
| 21:16 | Hex |
| Right click | 502 |
| Select | 298 |
| Misc. action | 66 |
| Build/train/purchase | 66 |
| Use ability | 16 |
| Item give/drop | 6 |


| Peasant | 9 | 675 | / | 0 |
| Rifleman | 7 | 1435 | / | 210 |
| Sorceress | 4 | 620 | / | 80 |
| Mortar Team | 8 | 1440 | / | 560 |
| Flying Machine | 12 | 1200 | / | 360 |
| Siege Engine | 4 | 780 | / | 240 |
| Forest Troll Shadow Priest | 2 | 390 | / | 20 |
| Gargoyle | 2 | 350 | / | 60 |
| total: | 48 | 6890g | / | 1530w |
| Scout Tower | 13 | 390 | / | 260 |
| Arcane Tower | 2 | 140 | / | 100 |
| Guard Tower | 7 | 490 | / | 350 |
| Altar of Kings | 1 | 180 | / | 50 |
| Blacksmith | 1 | 140 | / | 60 |
| Farm | 9 | 720 | / | 180 |
| Barracks | 1 | 160 | / | 60 |
| Lumber Mill | 1 | 120 | / | 0 |
| Arcane Sanctum | 1 | 150 | / | 140 |
| Workshop | 1 | 140 | / | 140 |
| Keep | 1 | 320 | / | 210 |
| Castle | 1 | 360 | / | 210 |
| total: | 28 | 2000g | / | 890w |
| 0:03 | Peasant |
| 0:03 | Peasant |
| 0:09 | Altar of Kings |
| 0:20 | Blacksmith |
| 0:23 | Peasant |
| 0:34 | Farm |
| 0:37 | Peasant |
| 0:44 | Peasant |
| 1:08 | Barracks |
| 1:21 | Peasant |
| 1:33 | Farm |
| 1:41 | Peasant |
| 1:42 | Peasant |
| 2:06 | Rifleman |
| 2:16 | Storm Bolt |
| 2:26 | Rifleman |
| 2:30 | Farm |
| 2:57 | Farm |
| 3:00 | Peasant |
| 3:02 | Rifleman |
| 3:31 | Keep |
| 3:52 | Rifleman |
| 4:02 | Black Gunpowder |
| 4:20 | Bash |
| 4:22 | Rifleman |
| 4:30 | Farm |
| 5:20 | Scout Tower |
| 5:37 | Lumber Mill |
| 5:48 | Arcane Tower |
| 5:52 | Scout Tower |
| 5:58 | Arcane Sanctum |
| 6:04 | Long Rifles |
| 6:24 | Guard Tower |
| 6:33 | Farm |
| 6:36 | Rifleman |
| 6:39 | Refined Gunpowder |
| 7:27 | Sorceress |
| 7:27 | Sorceress |
| 7:30 | Workshop |
| 7:35 | Farm |
| 7:37 | Storm Bolt |
| 7:54 | Sorceress |
| 7:58 | Rifleman |
| 8:49 | Mortar Team |
| 9:14 | Forest Troll Shadow Priest |
| 9:25 | Farm |
| 9:38 | Holy Light |
| 9:47 | Bash |
| 10:01 | Farm |
| 10:23 | Mortar Team |
| 10:26 | Sorceress |
| 12:14 | Flying Machine |
| 12:14 | Flying Machine |
| 12:14 | Flying Machine |
| 12:14 | Flying Machine |
| 12:15 | Flying Machine |
| 12:16 | Flying Machine |
| 12:17 | Flak Cannons |
| 13:42 | Scout Tower |
| 13:46 | Scout Tower |
| 13:50 | Castle |
| 14:53 | Arcane Tower |
| 14:54 | Guard Tower |
| 15:07 | Flying Machine |
| 15:08 | Flying Machine |
| 15:08 | Flying Machine |
| 15:41 | Scout Tower |
| 15:42 | Scout Tower |
| 15:43 | Scout Tower |
| 15:45 | Scout Tower |
| 15:48 | Scout Tower |
| 15:54 | Flying Machine |
| 15:54 | Flying Machine |
| 16:28 | Guard Tower |
| 16:31 | Scout Tower |
| 16:35 | Scout Tower |
| 16:40 | Scout Tower |
| 16:41 | Guard Tower |
| 16:44 | Scout Tower |
| 17:56 | Divine Shield |
| 17:58 | Divine Shield |
| 18:51 | Forest Troll Shadow Priest |
| 19:08 | Guard Tower |
| 19:09 | Guard Tower |
| 20:12 | Siege Engine |
| 20:12 | Siege Engine |
| 20:12 | Siege Engine |
| 20:12 | Siege Engine |
| 20:20 | Mortar Team |
| 20:20 | Mortar Team |
| 20:20 | Mortar Team |
| 20:50 | Flying Machine |
| 21:21 | Fragmentation Shards |
| 21:23 | Flare |
| 22:13 | Guard Tower |
| 22:47 | Gargoyle |
| 22:47 | Gargoyle |
| 22:52 | Mortar Team |
| 22:52 | Mortar Team |
| 22:52 | Mortar Team |
| 24:07 | Improved Masonry |
| Right click | 698 |
| Select | 349 |
| Select group | 100 |
| Build/train/purchase | 82 |
| Chat | 61 |
| Assign group | 12 |
| Use ability | 11 |
| Misc. action | 10 |
| Resource trade | 5 |
| Remove unit | 1 |


| Rod of Necromancy | 2 | 300 |
| Orb of Corruption | 2 | 750 |
| total: | 4 | 1050g |
| Acolyte | 5 | 375 | / | 0 |
| Ghoul | 7 | 840 | / | 0 |
| Necromancer | 1 | 145 | / | 20 |
| Meat Wagon | 1 | 230 | / | 50 |
| Gargoyle | 9 | 1575 | / | 270 |
| Crypt Fiend | 1 | 215 | / | 40 |
| total: | 24 | 3380g | / | 380w |
| Nerubian Tower | 4 | 400 | / | 80 |
| Spirit Tower | 1 | 145 | / | 40 |
| Ziggurat | 8 | 1200 | / | 400 |
| Altar of Darkness | 1 | 180 | / | 50 |
| Crypt | 2 | 400 | / | 100 |
| Graveyard | 1 | 215 | / | 0 |
| Tomb of Relics | 1 | 130 | / | 30 |
| Temple of the Damned | 2 | 310 | / | 280 |
| Slaughterhouse | 2 | 280 | / | 270 |
| Halls of the Dead | 1 | 320 | / | 210 |
| Black Citadel | 1 | 325 | / | 230 |
| total: | 17 | 2715g | / | 1130w |
| 0:05 | Acolyte |
| 0:05 | Acolyte |
| 0:05 | Acolyte |
| 0:13 | Ziggurat |
| 0:15 | Ziggurat |
| 0:28 | Altar of Darkness |
| 0:50 | Ziggurat |
| 1:53 | Crypt |
| 2:09 | Crypt |
| 2:15 | Graveyard |
| 2:46 | Carrion Beetles |
| 2:50 | Tomb of Relics |
| 3:19 | Ghoul |
| 3:21 | Ghoul |
| 3:24 | Ghoul |
| 3:48 | Ghoul |
| 4:20 | Rod of Necromancy |
| 4:20 | Rod of Necromancy |
| 4:30 | Ghoul |
| 4:58 | Spiked Carapace |
| 5:32 | Halls of the Dead |
| 5:34 | Ghoul |
| 5:45 | Ghoul |
| 6:09 | Unholy Strength |
| 6:09 | Unholy Armor |
| 8:00 | Temple of the Damned |
| 8:02 | Temple of the Damned |
| 8:04 | Ziggurat |
| 8:07 | Ziggurat |
| 8:08 | Ziggurat |
| 8:08 | Ziggurat |
| 8:16 | Improved Unholy Strength |
| 9:32 | Slaughterhouse |
| 9:40 | Slaughterhouse |
| 9:43 | Creature Attack |
| 9:44 | Creature Carapace |
| 9:45 | Improved Creature Carapace |
| 9:51 | Necromancer |
| 10:26 | Carrion Beetles |
| 10:35 | Skeletal Mastery |
| 11:19 | Frost Nova |
| 11:21 | Frost Nova |
| 11:33 | Acolyte |
| 11:34 | Acolyte |
| 11:36 | Nerubian Tower |
| 11:57 | Ziggurat |
| 12:44 | Meat Wagon |
| 14:17 | Black Citadel |
| 14:38 | Frost Armor |
| 15:09 | Improved Unholy Armor |
| 15:18 | Gargoyle |
| 15:19 | Web |
| 15:20 | Burrow |
| 15:48 | Spirit Tower |
| 15:49 | Nerubian Tower |
| 15:50 | Nerubian Tower |
| 15:52 | Nerubian Tower |
| 16:05 | Crypt Fiend |
| 16:45 | Gargoyle |
| 17:26 | Gargoyle |
| 17:43 | Frost Nova |
| 18:10 | Gargoyle |
| 18:31 | Gargoyle |
| 19:20 | Orb of Corruption |
| 19:20 | Orb of Corruption |
| 20:01 | Gargoyle |
| 20:41 | Gargoyle |
| 20:43 | Gargoyle |
| 21:34 | Gargoyle |
| 21:54 | Spiked Carapace |
| Right click | 788 |
| Select | 447 |
| Build/train/purchase | 82 |
| Use ability | 9 |
| Remove unit | 3 |